 Dungeon Crawl Stone Soup version 0.26-b1-32-g5d43845318 (webtiles) character file.

Game seed: 11135038019621986463

231 DuloT34 the Grave Robber (level 6, -3/45 HPs)
             Began as a Ghoul Necromancer on Jan 9, 2021.
             Slain by an ogre
             ... wielding a +0 giant club
              (10 damage)
             ... on level 4 of the Dungeon.
             The game lasted 00:11:03 (4193 turns).

DuloT34 the Grave Robber (Ghoul Necromancer)        Turns: 4193, Time: 00:11:03

Health: -3/45      AC:  3    Str: 12    XL:     6   Next: 4%
Magic:  10/10      EV: 12    Int: 12    God:
Gold:   141        SH:  0    Dex:  9    Spells: 7/12 levels left

rFire    . . .     SeeInvis .   (no weapon)
rCold    + . .     Faith    .   (no shield)
rNeg     + + +     Spirit   .   a - +0 robe
rPois    ∞         Reflect  .   (no helmet)
rElec    .         Harm     .   g - +0 cloak
rCorr    .         Rampage  .   (no gloves)
Will     .....                  (no boots)
Stlth    ++........             (no amulet)
HPRegen  0.00/turn              b - +4 ring of slaying
MPRegen  0.12/turn              (no ring)

@: no status effects
A: claws 1, cold resistance 1, negative energy resistance 3, inhibited
regeneration, torment resistance, unbreathing
a: no special abilities


You were on level 4 of the Dungeon.
You visited 1 branch of the dungeon, and saw 4 of its levels.
You also visited: Ossuary.

You collected 141 gold pieces.

Inventory:

Missiles
 j - 81 stones
Armour
 a - a +0 robe (worn)
 g - a +0 cloak (worn)
 k - a +0 troll leather armour
Jewellery
 b - a +4 ring of slaying (left claw)
Scrolls
 c - 4 scrolls of identify
 d - 4 scrolls of enchant armour
 e - 3 scrolls of remove curse
Potions
 f - a potion of lignification {unknown}
 h - a potion of degeneration {unknown}
 i - a potion of brilliance {unknown}
 l - a potion of resistance {unknown}


   Skills:
 - Level 1.7 Dodging
 - Level 2.1 Stealth
 + Level 3.8 Spellcasting
 + Level 5.7 Necromancy


You had 7 spell levels left.
You knew the following spells:

 Your Spells              Type           Power        Failure   Level
a - Pain                  Necr           64%          2%          1
b - Vampiric Draining     Necr           8%           6%          3
c - Animate Skeleton      Necr           32%          2%          1

Your spell library contained the following spells:

 Spells                   Type           Power        Failure   Level
 Animate Dead             Necr           8%           22%         4
 Agony                    Necr           16%          52%         5


Dungeon Overview and Level Annotations

Branches:
Dungeon (4/15)            Ossuary (visited)
 Temple: D:4-7

Altars:
Trog
Vehumet
Zin

Shops:
D:3 *

Annotations:
D:3 Grinder


Innate Abilities, Weirdness & Mutations

You thrive by killing the living.
You are immune to poison.
You have sharp fingernails.
Your flesh is cold resistant. (rC+)
You are immune to negative energy. (rN+++)
You do not regenerate when monsters are visible.
You are immune to unholy pain and torment.
You can survive without breathing.


Message History

Found a stone staircase leading down.
You hear the brisk hiss of an avalanche of sand nearby.
Found 21 stones.
You see here 21 stones.
The ogre hits you with a +0 giant club!
Found a stone staircase leading down.
You open the door. The ogre hits you with a +0 giant club!
* * * LOW HITPOINT WARNING * * *
Found a sand-covered staircase.
There is an open door here.
There is a sand-covered staircase here.
The world spins around you as you enter the gateway.
You enter an ossuary!
Found a gate leading back out of this place.
There is an empty arch of ancient stone here.
You start resting. 2 mummies come into view.
There is a gate leading back out of this place here.
Welcome back to the Dungeon!
The ogre hits you with a +0 giant club!
You die...

########## #........#
#.##.#..(## #...#..##
##..###..##
#..##.##..##########
#.##.@O##..........#
#..##.##...........#
##..##'............#
##..#.............###
##....#.............
#.................##
#..................##
#.#######............
#> ...##.........


You could see an ogre.

Vanquished Creatures
  2 hounds
  An iguana (D:4)
  5 adders
  2 oozes
  An adder skeleton (D:4)
  3 worms (D:2)
  A dart slug (D:1)
  3 leopard geckos
  6 bats
  6 giant cockroaches
  10 goblins
  5 hobgoblins
  15 jackals
  8 kobolds
  A ball python (D:3)
  3 frilled lizards (D:1)
  5 rats
77 creatures vanquished.

Vanquished Creatures (others)
  4 withered plants (Ossuary)
4 creatures vanquished.

Grand Total: 81 creatures vanquished

Notes
Turn   | Place    | Note
-------+----------+-------------------------------------------
     0 | D:1      | DuloT34 the Ghoul Necromancer began the quest for the Orb.
     0 | D:1      | Reached XP level 1. HP: 14/14 MP: 2/2
   141 | D:1      | Reached XP level 2. HP: 11/20 MP: 4/4
  1028 | D:1      | Reached XP level 3. HP: 26/26 MP: 5/5
  1342 | D:2      | Found a radiant altar of Vehumet.
  1442 | D:2      | Learned a level 3 spell: Vampiric Draining
  1444 | D:2      | Learned a level 1 spell: Animate Skeleton
  1860 | D:2      | Reached XP level 4. HP: 28/33 MP: 1/7
  1930 | D:2      | Reached skill level 5 in Necromancy
  2288 | D:2      | Reached XP level 5. HP: 38/38 MP: 6/8
  2962 | D:3      | Found Zin's Purification Station.
  2964 | D:3      | Found a glowing silver altar of Zin.
  3415 | D:3      | Noticed Grinder
  3644 | D:3      | Paralysed by Grinder for 3 turns
  3680 | D:3      | Paralysed by Grinder for 2 turns
  3714 | D:3      | Paralysed by Grinder for 5 turns
  3984 | D:4      | Reached XP level 6. HP: 45/45 MP: 10/10
  4006 | D:4      | Found a bloodstained altar of Trog.
  4154 | D:4      | Found a sand-covered staircase.
  4154 | D:4      | HP: 2/45 [ogre/+0 giant club (16)]
  4159 | Ossuary  | Entered an ossuary
  4193 | D:4      | Slain by an ogre

Illustrated notes

Levels and vault maps discovered:
D:1:      tarquinn_simple_flora_water_b, layout_loops_ring,
          kennysheep_small_spiral
D:2:      layout_basic, lemuel_doored_altar
D:3:      layout_basic, zin_purify, uniq_grinder
D:4:      layout_basic, marbit_many_paths,
          chequers_temple_overflow_statue_of_worship, enter_ossuary_5,
          minmay_quantized

Skill      XL: |  1  2  3  4 |
---------------+-------------+-----
Spellcasting   | 2 3 |  3.8
Necromancy     | 5 |  5.7
Dodging        | |  1.7
Stealth        | |  2.1

Action                   |  1- 3 |  4- 6 || total
-------------------------+-------+-------++-------
Melee: Unarmed           |    83 |   106 ||   189
 Cast: Pain              |    25 |    61 ||    86
       Vampiric Draining |     1 |     7 ||     8
  Use: Scroll            |     5 |     5 ||    10
 Stab: Sleeping          |     2 |       ||     2
Armor: Robe              |    13 |    30 ||    43
Dodge: Dodged            |    61 |   100 ||   161
